 Dungeon Crawl Stone Soup version 0.31-a0-263-ge8cad7f256 (webtiles) character file.

Game seed: 9510347952385636397

87 qw the Shooter (level 4, -1/26 HPs)
             Began as a Gargoyle Hexslinger on July 13, 2023.
             Slain by a goblin
             ... wielding a +0 dagger
             ... led by Robin
              (3 damage)
             ... on level 3 of the Dungeon.
             The game lasted 00:00:46 (1775 turns).

qw the Shooter (Gargoyle Hexslinger)                Turns: 1775, Time: 00:00:47

Health: -1/26      AC:  9    Str: 12    XL:     4   Next: 51%
Magic:  5/5        EV: 10    Int: 13    God:
Gold:   85         SH:  0    Dex: 14    Spells: 4/5 levels left

rFire   . . .        Y - +1 sling
rCold   . . .        (no shield)
rNeg    + . .        f - +0 ring mail
rPois   inf          (no helmet)
rElec   +            i - +0 cloak
rCorr   +            (no gloves)
SInv    .            (no boots)
Will    +....        (no amulet)
Stlth   +            d - ring of willpower
HPRegen 0.24/turn    g - ring of resist corrosion
MPRegen 0.09/turn

%: no passive effects
@: no status effects
A: sickness immunity, AC +3, negative energy resistance 1, electricity
resistance, torment resistance 1, petrification resistance
a: no special abilities


You were on level 3 of the Dungeon.
You visited 1 branch of the dungeon, and saw 3 of its levels.

You collected 85 gold pieces.


Innate Abilities, Weirdness & Mutations

You are immune to sickness and miasma.
Your stone body is resilient. (AC +3)
You are immune to poison.
You resist negative energy. (rN+)
You are resistant to electric shocks. (rElec)
You are resistant to unholy torment.
You are immune to petrification.


   Skills:
 - Level 2.0 Fighting
 + Level 4.1 Ranged Weapons
 - Level 1.0 Armour
 - Level 1.5 Dodging
 - Level 1.0 Spellcasting
 - Level 2.6 Hexes


You had 4 spell levels left.
You knew the following spells:

 Your Spells              Type           Power      Damage    Failure   Level
a - Slow                  Hex            28%        N/A       22%         1

Your spell library contained the following spells:

 Spells                   Type           Power      Damage    Failure   Level
 Inner Flame              Hex/Fire       4%         N/A       73%         3
 Portal Projectile        Hex/Tloc       8%         N/A       73%         3
 Cause Fear               Hex            3%         N/A       91%         4

Inventory:

Hand Weapons
 Y - a +1 sling (weapon)
Armour
 f - a +0 ring mail (worn)
 i - a +0 cloak (worn)
Jewellery
 b - a +6 ring of strength
 d - a ring of willpower (left hand)
 g - a ring of resist corrosion (right hand)
 h - a ring of fire
Scrolls
 a - a scroll of identify
Potions
 j - a potion of curing

Dungeon Overview and Level Annotations

Branches:
Dungeon (3/15)

Altars:

Shops:
D:3 (

Annotations:
D:3 Robin


Message History

The sling bullet hits the goblin.
You kill the goblin!
You hear the slow rusting of a drain very nearby.
The goblin closely misses you. x2; The quokka barely misses you.
A goblin comes into view. It is wielding a +0 dagger.
You shoot a sling bullet.
The sling bullet hits the quokka but does no damage.
The quokka barely misses you. The goblin hits you with a +0 dagger.
The goblin hits you with a +0 club.
The quokka bites you but does no damage.
The goblin hits you with a +0 dagger. The goblin hits you with a +0 club.
You shoot a sling bullet. The sling bullet hits the quokka.
The quokka is heavily wounded.
The quokka bites you. The goblin hits you but does no damage.
The goblin barely misses you.
The quokka bites you but does no damage.
You shoot a sling bullet. The sling bullet hits the quokka.
You kill the quokka!
The goblin completely misses you. The goblin barely misses you.
You shoot a sling bullet.
The sling bullet closely misses the goblin.
The goblin hits you with a +0 club.
The goblin hits you but does no damage. x2
The goblin barely misses you.
The goblin hits you but does no damage. x2
You shoot a sling bullet. The sling bullet hits the goblin.
You kill the goblin!
The goblin no longer looks unusually strong.
The goblin hits you with a +0 club. The goblin closely misses you.
Robin says, "We wiped out the hill dwarves - you're next!"
You shoot a sling bullet. The sling bullet hits the goblin.
The goblin is severely wounded.
The goblin barely misses you. The goblin hits you but does no damage.
A dart slug comes into view.
The goblin barely misses you.
You shoot a sling bullet.
The sling bullet closely misses the goblin.
The sling bullet hits the goblin.
The goblin is moderately wounded.
The goblin barely misses you. The goblin hits you but does no damage.
The goblin hits you with a +0 club. x2; The goblin hits you with a +0 dagger.
You die...

.. .. $)# ~~ 8. #
#..#... ## ##.. ...#..
###########..# .....
.............. g..#
##...........# gg.####
...###...########gg.....
#####.....##.w..@g#
#####.....##.####g#
...##.....##.####.#
##.###.....%....#.# ##.#
#######.##.#.# ##.# #.#
... ##.# #.. .# ...#
#### ## ####


You could see Robin, a dart slug and 6 goblins.

Vanquished Creatures
  3 adders
  A worm (D:2)
  A dart slug (D:1)
  An orc (D:3)
  6 endoplasms
  10 goblins
  5 hobgoblins
  2 kobolds (D:1)
  A quokka (D:3)
  4 ball pythons
  9 bats
  2 frilled lizards
  5 rats
50 creatures vanquished.

Notes
Turn   | Place    | Note
-------+----------+-------------------------------------------
     0 | D:1      | qw the Gargoyle Hexslinger began the quest for the Orb.
     0 | D:1      | Reached XP level 1. HP: 12/12 MP: 2/2
     0 | D:1      | 0 ||| qw: Version: 0.3-a-52-g30416fa
     0 | D:1      | 0 ||| qw: Game counter: 7372
     0 | D:1      | 0 ||| qw: Melee chars always use a shield: true
     0 | D:1      | 0 ||| qw: God list: Okawaru
     0 | D:1      | 0 ||| qw: Allow faded altars: false
     0 | D:1      | 0 ||| qw: Do Orc after clearing Dungeon:15 true
     0 | D:1      | 0 ||| qw: Do second Lair branch before Depths: true
     0 | D:1      | 0 ||| qw: Lair rune preference: random
     0 | D:1      | 0 ||| qw: Goals: Normal
     0 | D:1      | 0 ||| PLANNING D:1-11
   113 | D:1      | HP: 2/12 [hobgoblin (4)]
   118 | D:1      | HP: 1/12 [bat (1)]
   120 | D:1      | Reached XP level 2. HP: 1/16 MP: 3/3
   312 | D:1      | Found a faded altar of an unknown god.
   359 | D:1      | Reached skill level 3 in Ranged Weapons
   472 | D:1      | Reached XP level 3. HP: 21/21 MP: 4/4
   772 | D:1      | 772 ||| UPGRADING to +0 cloak.
   777 | D:1      | 777 ||| UPGRADING to ring of willpower.
   778 | D:1      | 778 ||| READING 2 scrolls labelled LISYDI LUDIOH.
   779 | D:1      | 779 ||| READING scroll labelled ZAYNUO IWACANY.
   780 | D:1      | 780 ||| READING scroll labelled HEISTOEPYC.
   781 | D:1      | 781 ||| DRINKING 2 silvery potions.
   782 | D:1      | 782 ||| DROPPING scroll of poison.
  1386 | D:2      | Reached skill level 4 in Ranged Weapons
  1386 | D:2      | Reached XP level 4. HP: 24/26 MP: 5/5
  1581 | D:2      | 1581 ||| UPGRADING to +0 ring mail.
  1591 | D:2      | 1591 ||| DROPPING +0 robe.
  1592 | D:2      | 1592 ||| UPGRADING to ring of resist corrosion.
  1593 | D:2      | 1593 ||| READING scroll labelled QOYSAN OG QAOJY.
  1610 | D:2      | 1610 ||| READING 2 scrolls of identify.
  1610 | D:2      | 1610 ||| IDENTIFYING bubbling cyan potion
  1611 | D:2      | 1611 ||| DROPPING potion of magic.
  1625 | D:3      | Found Wahekefo's Weapon Emporium.
  1626 | D:3      | 1626 ||| PLANNING SEWER
  1636 | D:3      | 1636 ||| SHOPLISTING +2 sling of flaming (147 gold, have
                  | 85).
  1636 | D:3      | 1636 ||| SHOPLISTING +4 antimagic shortbow (310 gold, have
                  | 85).
  1746 | D:3      | Reached skill level 1 in Armour
  1763 | D:3      | Noticed Robin
  1775 | D:3      | HP: 2/26 [goblin/+0 club[Robin] (5)]
  1775 | D:3      | Slain by a goblin

Levels and vault maps discovered:
D:1:      roderic_crossed_star, layout_loops_ring,
          ebering_ecumenical_altar_ruins, chequers_serial_rivers_micro_b,
          minmay_circled_x
D:2:      layout_basic
D:3:      layout_loops_cross, nicolae_overflow_hidden_temple, serial_shops,
          shop_fountains, portal_sewer_entry_f,
          minmay_fractal_squares_gapless_5, uniq_robin

Skill      XL: |  1  2  3  4 |
---------------+-------------+-----
Ranged Weapons | 3 4 |  4.1
Fighting       | 2 |  2.0
Armour         | 1 |  1.0
Dodging        | |  1.5
Spellcasting   | |  1.0
Hexes          | |  2.6

Action                     |  1- 3 |  4- 6 || total
---------------------------+-------+-------++-------
   Fire: Sling             |   167 |    38 ||   205
    Use: Scroll            |     3 |     2 ||     5
         Potion            |     1 |       ||     1
 Armour: Robe              |    28 |     2 ||    30
         Ring mail         |       |    21 ||    21
  Dodge: Dodged            |    64 |    30 ||    94

Table legend:
 A = Non-vault XP
 B = Vault XP
 C = Vault XP percentage of total XP
 D = Non-vault monster count
 E = Vault monster count
 F = Vault count percentage of total count
                 A         B        C        D         E       F
            +---------+---------+-------+---------+---------+-------
      Total |     110 |      15 |  12.0 |      41 |       9 |  18.0
            +---------+---------+-------+---------+---------+-------
        D:1 |      40 |       6 |  13.0 |      23 |       4 |  14.8
        D:2 |      50 |       0 |   0.0 |      14 |       0 |   0.0
        D:3 |      20 |       9 |  31.0 |       4 |       5 |  55.6
            +---------+---------+-------+---------+---------+-------
